 Dungeon Crawl Stone Soup version 0.30.0-29-ga12c61a403 (webtiles) character file.

Game seed: 12247243776342057395

125 bmack86 the Chopper (level 4, -3/39 HPs)
             Began as a Minotaur Fighter on June 8, 2023.
             Slain by a gnoll
             ... wielding a +0 halberd
              (14 damage)
             ... on level 3 of the Dungeon.
             The game lasted 00:05:37 (1884 turns).

bmack86 the Chopper (Minotaur Fighter)              Turns: 1884, Time: 00:05:39

Health: -3/39      AC:  6    Str: 23    XL:     4   Next: 82%
Magic:  3/3        EV:  9    Int:  5    God:
Gold:   117        SH:  4    Dex:  9    Spells: 3/3 levels left

rFire   . . .        a - +0 war axe
rCold   . . .        c - +0 buckler
rNeg    . . .        b - +0 scale mail
rPois   .            (helmet restricted)
rElec   .            (no cloak)
rCorr   .            (no gloves)
SInv    .            (no boots)
Will    .....        (no amulet) Stlth
                     (no ring)
HPRegen 0.26/turn    (no ring)
MPRegen 0.08/turn

%: no passive effects
@: mighty
A: horns 2, retaliatory headbutt
a: no special abilities


You were on level 3 of the Dungeon.
You visited 1 branch of the dungeon, and saw 3 of its levels.

You collected 117 gold pieces.

Inventory:

Hand Weapons
 a - a +0 war axe (weapon)
Missiles
 g - 2 javelins (quivered)
Armour
 b - a +0 scale mail (worn)
 c - a +0 buckler (worn)
Jewellery
 m - a +4 ring of protection
Scrolls
 e - a scroll of immolation {unknown}
 j - 4 scrolls of identify {unknown}
 k - a scroll of poison {unknown}
Potions
 d - a potion of might
 f - 2 potions of heal wounds {unknown}
 h - a potion of flight {unknown}
 i - a potion of brilliance {unknown}
 l - a potion of mutation {unknown}


   Skills:
 - Level 3.6 Fighting
 + Level 6.2 Axes
 - Level 3.6 Armour
 - Level 3.6 Shields


You had 3 spell levels left.
You didn't know any spells.
Your spell library contained the following spells:

 Spells                   Type           Power      Damage    Failure   Level
 Simulacrum               Ice/Necr       0%         N/A       100%        6
 Ozocubu's Refrigeration  Ice            0%         4d7       100%        7
 Polar Vortex             Ice            0%         N/A       100%        9


Dungeon Overview and Level Annotations

Branches:
Dungeon (3/15)

Altars:
Xom

Shops:
D:2 :


Innate Abilities, Weirdness & Mutations

You have a pair of horns on your head.
You reflexively headbutt those who attack you in melee.


Message History

The orc shouts!
The orc shouts! x2
There is a huge open gate here.
There are monsters nearby!
An orc breaks down the door.
You closely miss the orc. The orc hits you with a +0 club.
A gnoll comes into view. It is wielding a +0 halberd.
You closely miss the orc.
The gnoll shouts!
The orc hits you but does no damage.
You hit the orc.
The orc is severely wounded.
You closely miss the orc. The orc barely misses you.
An orc priest comes into view. It is wielding a +0 war axe.
The orc priest shouts!
The orc closely misses you. The orc hits you but does no damage.
The orc priest invokes the aid of Beogh against you.
Beogh smites you!
There is a broken door, spattered with blood here.
You closely miss the orc. x3; The orc hits you with a +0 flail.
The orc closely misses you. x3; You furiously retaliate!
You headbutt the orc!
You kill the orc!
The gnoll hits you from afar with a +0 halberd!
The orc priest looks braver for a moment.
The orc closely misses you. You furiously retaliate!
You headbutt the orc.
You kill the orc!
The orc hits you with a +0 dagger.
* * * LOW HITPOINT WARNING * * *
You block the orc's attack.
You feel very mighty all of a sudden. You block the orc's attack.
The gnoll closely misses you. The orc barely misses you.
You hit the orc.
The orc is almost dead.
You slash the orc!
You kill the orc!
The orc hits you with a +0 dagger.
* * * LOW HITPOINT WARNING * * *
The gnoll hits you from afar with a +0 halberd!
You die...

################
.......#)...#...
...o.go@)...'...
.......#)...#...
########''''############
.......................
~~~~~~~....~~~~~~~~~~~≈
≈≈~≈≈~~....~≈≈≈~≈≈≈≈≈≈≈
≈~~~≈~~....~≈~~≈~≈~~~~~
.......................
######.#..#...)†......#


You could see an orc priest, a gnoll and an orc.

Vanquished Creatures
  Robin (D:3)
  3 adders
  12 orcs (D:3)
  7 ball pythons
  6 endoplasms
  A giant cockroach (D:2)
  10 goblins
  8 hobgoblins
  6 jackals
  A quokka (D:2)
  5 bats
  3 frilled lizards
  3 kobolds
  6 rats
72 creatures vanquished.

Notes
Turn   | Place    | Note
-------+----------+-------------------------------------------
     0 | D:1      | bmack86 the Minotaur Fighter began the quest for the Orb.
     0 | D:1      | Reached XP level 1. HP: 19/19 MP: 0/0
    35 | D:1      | Reached skill level 3 in Axes
    51 | D:1      | Reached XP level 2. HP: 25/26 MP: 1/1
   508 | D:1      | Reached skill level 4 in Axes
   822 | D:2      | Found a shimmering altar of Xom.
   838 | D:2      | Reached XP level 3. HP: 14/31 MP: 2/2
  1029 | D:2      | Found Oblocia's Book Boutique.
  1387 | D:2      | Reached skill level 5 in Axes
  1623 | D:3      | Reached XP level 4. HP: 36/39 MP: 3/3
  1659 | D:3      | Noticed Robin
  1668 | D:3      | Killed Robin
  1754 | D:3      | Reached skill level 6 in Axes
  1884 | D:3      | Slain by a gnoll

Illustrated notes

Levels and vault maps discovered:
D:1:      grunt_arrival_crossed_arrows, layout_basic, minmay_misc_feat_alley,
          minmay_crystal_room, hangedman_feature_mirror
D:2:      layout_basic, serial_shops, shop, basic_altar
D:3:      lemuel_castle_with_subvaults [lemuel_castle_interior_carwin_1],
          layout_rooms, serial_shops, nicolae_shop_advertising_works
          [nicolae_subvault_shop_adworks], kennysheep_nondescript, uniq_robin

Skill      XL: |  1  2  3  4 |
---------------+-------------+-----
Axes           | 3 4 5 6 |  6.2
Fighting       | |  3.6
Armour         | |  3.6
Shields        | |  3.6

Action                     |  1- 3 |  4- 6 || total
---------------------------+-------+-------++-------
  Melee: War axe           |    73 |    34 ||   107
         Headbutt          |     7 |     7 ||    14
    Use: Potion            |       |     1 ||     1
 Armour: Scale mail        |    42 |    27 ||    69
  Dodge: Dodged            |    44 |    30 ||    74
  Block: Buckler           |    21 |    13 ||    34
